 Dungeon Crawl Stone Soup version 0.18.1-50-g88ac8fd (webtiles) character file.

685 varam the Covert (level 7, 0/34 HPs)
             Began as a Spriggan Enchanter on Oct 13, 2016.
             Was an Initiate of Vehumet.
             Killed from afar by an orc wizard (6 damage)
             ... with a magic dart
             ... on level 4 of the Dungeon.
             The game lasted 00:23:35 (5405 turns).

varam the Covert (Spriggan Enchanter)               Turns: 5405, Time: 00:23:35

Health: 0/34       AC:  3    Str:  4    XL:     7   Next: 35%
Magic:  2/13       EV: 18    Int: 19    God:    Vehumet [......]
Gold:   191        SH:  0    Dex: 16    Spells: 4 memorised, 4 levels left

rFire  . . .     SeeInvis +     o - +2 hand axe (freeze)
rCold  . . .     Gourm    .     b - +1 robe
rNeg   . . .     Faith    .     (shield restricted)
rPois  +         Spirit   .     (helmet restricted)
rElec  .         Dismiss  .     (no cloak)
rCorr  .         Reflect  .     (gloves unavailable)
SustAt .         Harm     .     (boots unavailable)
MR     +....                    (no amulet)
Stlth  ++++......               (no ring)
                                w - ring of poison resistance

@: flying, very slightly contaminated, very quick, somewhat resistant to hostile
enchantments, stealthy
A: unfitting armour, see invisible, herbivore 3, speed 3, slow metabolism 2
a: Renounce Religion


You were on level 4 of the Dungeon.
You worshipped Vehumet.
Vehumet was noncommittal.
You were hungry.

You visited 1 branch of the dungeon, and saw 5 of its levels.

You collected 191 gold pieces.

Inventory:

Hand Weapons
 a - a +1 dagger
 o - a +2 hand axe of freezing (weapon)
 v - a +1 rapier of protection
Missiles
 t - 29 stones (quivered)
Armour
 b - a +1 robe (worn)
Jewellery
 w - a ring of poison resistance (left hand)
Scrolls
 h - a scroll of amnesia {unknown}
 l - a scroll of noise {unknown}
 n - 3 scrolls of magic mapping {unknown}
 p - 4 scrolls of remove curse
 s - a scroll of immolation {unknown}
 u - a scroll of fear {unknown}
Potions
 e - 2 potions of flight
 f - a potion of degeneration {unknown}
 g - 2 potions of curing {unknown}
 i - a potion of agility {unknown}
 j - a potion of heal wounds {unknown}
 k - a potion of ambrosia {unknown}
 m - 2 potions of cancellation {unknown}
 q - a potion of lignification {unknown}
 r - a potion of brilliance {unknown}
Books
 c - a book of Maledictions

   Spells                             Type                      Level
   a - Corona                         Hexes                        1
   b - Ensorcelled Hibernation        Hexes/Ice                    2
   c - Confuse                        Hexes                        3
   d - Tukima's Dance                 Hexes                        3
   e - Dazzling Spray                 Conjuration/Hexes            3
Comestibles
 d - 4 bread rations


   Skills:
 + Level 1.7 Fighting
 - Level 5.0 Short Blades
 - Level 3.0 Dodging
 - Level 8.3 Stealth
 + Level 3.9 Spellcasting
 - Level 1.8 Conjurations
 * Level 4.2 Hexes


You had 4 spell levels left.
You knew the following spells:

 Your Spells              Type           Power        Failure   Level  Hunger
a - Ensorcelled Hibernat  Hex/Ice        ##....       10%         2    ##.....
b - Corona                Hex            ###....      2%          1    None
c - Confuse               Hex            ###.....     10%         3    ###....
d - Dazzling Spray        Conj/Hex       ###...       12%         3    ###....


Dungeon Overview and Level Annotations

Branches:
Dungeon (5/15)
 Temple: D:4-7

Altars:
Dithmenos
Elyvilon
Vehumet


Innate Abilities, Weirdness & Mutations

You are tiny and cannot use many weapons and most armour.
You have supernaturally acute eyesight.
You are a herbivore.
You cover ground extremely quickly.
You need consume almost no food.


Message History

There is a stone staircase leading down here.
Wield which item (- for none, * to show all)? (? for menu, Esc to quit)
You feel less protected.
Your +2 hand axe of freezing glows with a cold blue light!
o - a +2 hand axe of freezing (weapon)
The orc wizard gestures at you while chanting.
The puff of flame hits you!
* * * LOW HITPOINT WARNING * * *
You closely miss the orc wizard.
The orc wizard is severely wounded.
The orc wizard hits you with a dagger.
* * * LOW HITPOINT WARNING * * *
The orc wizard closely misses you.
Drink which item? (? for menu, Esc to quit)
It was a potion of flight.
You feel very buoyant.
You fly up into the air.
The orc wizard points at you and mumbles some strange words.
The magic dart hits you!
You die...

...>####......#.....^........####
..### #.#.#...........##..#.# .##
#####.#.............#.#.### ##
#.#.##.....##.......####..# #
##..#.###.####.##...## #..# ##
#.##.## #.#...###.#..# ####
.##################.##.#..#
....####.......####.###...# #
................@.##......# #
...................o..>.### ##
....####.......########.# ##.
.....##.......## ### ##..
..............# ###..#
..............## #######...##
.########......## ####........##
## ##......###...........# #
##.....................##


You could see an orc wizard.

Vanquished Creatures
  Sigmund (D:2)
  2 phantoms (D:4)
  A scorpion (D:4)
  A howler monkey (D:4)
  A gnoll shaman (D:3)
  An orc priest (D:5)
  A giant frog skeleton (D:4)
  Terence (D:3)
  A worker ant zombie (D:3)
  4 gnolls (D:3)
  A howler monkey skeleton (D:4)
  4 adders
  An ooze (D:1)
  5 worms
  A dart slug (D:2)
  3 giant geckos
  6 orcs
  7 giant cockroaches
  6 goblins
  5 hobgoblins
  3 jackals (D:1)
  8 kobolds
  A ball python (D:3)
  7 bats
  2 giant newts
  A jackal skeleton (D:4)
  5 rats
80 creatures vanquished.

Vanquished Creatures (others)
  A bat (D:2)
  A quokka (D:2)
  2 kobolds (D:2)
4 creatures vanquished.

Grand Total: 84 creatures vanquished

Notes
Turn   | Place    | Note
--------------------------------------------------------------
     0 | D:1      | varam the Spriggan Enchanter began the quest for the Orb.
     0 | D:1      | Reached XP level 1. HP: 9/9 MP: 5/5
     2 | D:1      | Noticed a merfolk
     2 | D:1      | Noticed a naga
     4 | D:1      | Noticed a centaur
     6 | D:1      | Noticed a gargoyle
     6 | D:1      | Noticed a dwarf
     8 | D:1      | Noticed a minotaur
     8 | D:1      | Noticed a demonspawn
    10 | D:1      | Noticed a human
    12 | D:1      | Noticed a troll
    14 | D:1      | Noticed a vampire
    14 | D:1      | Noticed an ogre
    16 | D:1      | Noticed a tengu
    18 | D:1      | Noticed an elf
    18 | D:1      | Noticed a ghoul
    20 | D:1      | Noticed a vine stalker
    20 | D:1      | Noticed an octopode
    22 | D:1      | Noticed a demigod
    22 | D:1      | Noticed a draconian
    24 | D:1      | Noticed a spriggan
    24 | D:1      | Noticed a formicid
    26 | D:1      | Noticed a felid
    26 | D:1      | Noticed a halfling
   621 | D:1      | Reached XP level 2. HP: 13/13 MP: 4/6
   643 | D:1      | Learned a level 2 spell: Ensorcelled Hibernation
   706 | D:1      | Reached skill level 5 in Stealth
  1303 | D:1      | Reached XP level 3. HP: 16/16 MP: 0/8
  1603 | D:2      | Found a radiant altar of Vehumet.
  1743 | D:2      | Noticed Sigmund
  2124 | D:2      | Learned a level 3 spell: Confuse
  2675 | D:3      | Noticed Terence
  2688 | D:3      | Killed Terence
  2688 | D:3      | Reached skill level 6 in Stealth
  2688 | D:3      | Reached XP level 4. HP: 21/21 MP: 2/9
  3140 | D:3      | Reached XP level 5. HP: 16/24 MP: 2/10
  3145 | D:3      | Learned a level 3 spell: Dazzling Spray
  3258 | D:3      | Found a shadowy altar of Dithmenos.
  3332 | D:4      | Reached skill level 7 in Stealth
  3421 | D:4      | Noticed a phantom
  3473 | D:5      | Entered Level 5 of the Dungeon
  3703 | D:4      | Killed a phantom
  3703 | D:4      | Reached skill level 5 in Short Blades
  3703 | D:4      | Reached skill level 8 in Stealth
  3703 | D:4      | Reached XP level 6. HP: 25/28 MP: 5/11
  3857 | D:2      | Became a worshipper of Vehumet
  3996 | D:2      | Killed Sigmund
  3996 | D:2      | Reached skill level 1 in Fighting
  3996 | D:2      | Reached skill level 1 in Conjurations
  3996 | D:2      | Reached XP level 7. HP: 33/33 MP: 8/13
  4099 | D:2      | Found a white marble altar of Elyvilon.
  5405 | D:4      | Killed from afar by an orc wizard

Skill      XL: |  1  2  3  4  5  6  7 |
---------------+----------------------+-----
Short Blades   | 2 3 5 |  5.0
Stealth        | 5 6 8 |  8.3
Spellcasting   | 3 |  3.9
Fighting       | 1 |  1.7
Conjurations   | 1 |  1.8
Hexes          | 4 |  4.2
Dodging        | |  3.0

Action                   |  1- 3 |  4- 6 |  7- 9 || total
-------------------------+-------+-------+-------++-------
Melee: Dagger            |   113 |    82 |    41 ||   236
       Rapier            |       |       |    24 ||    24
       Hand axe          |       |       |     6 ||     6
Throw: Stone             |       |       |     1 ||     1
 Cast: Corona            |    10 |       |       ||    10
       Ensorcelled Hiber |    23 |     9 |    13 ||    45
       Confuse           |     4 |    11 |     5 ||    20
       Dazzling Spray    |       |     1 |     3 ||     4
  Use: Scroll            |       |       |     1 ||     1
       Potion            |       |       |     1 ||     1
 Stab: Sleeping          |    21 |    14 |    16 ||    51
       Confused          |     1 |    10 |     2 ||    13
       Distracted        |     1 |       |       ||     1
  Eat: Bread ration      |     1 |       |       ||     1
       Fruit             |     1 |       |       ||     1
Armor: Robe              |    12 |     2 |     7 ||    21
Dodge: Dodged            |   103 |    28 |    48 ||   179
